AoeStats
← [PSCH] R!ce

Arabia

506860858Analyzed
1v1 RM · 17d ago on Sep 15, 2026· 53m 9s· 2 players
Game mode
Random Map
Map size
Tiny (2 player)
Population
200
Speed
Normal
Resources
Standard
Victory
Conquest
Starting age
Dark Age
Ending age
Imperial Age
RankedLock teamsTeams togetherTeam positionsShared explorationLock speedFull tech treeHidden civsTurbo modeCheats
Victory
Defeat
1457
+18
🇨🇭 Japanese · Switzerland
1491
-18
不出HY龙心别玩UG,OK?
6:15 Loom
8:51 Feudal Age
10:01 Double-Bit Axe
13:01 Fletching
15:17 Town Watch
20:10 Wheelbarrow
24:14 Castle Age
23:03 Gold Mining
22:55 Horse Collar
24:25 Crossbowman
25:03 Bodkin Arrow
25:42 Bow Saw
28:22 Scale Barding Armor
30:16 Bloodlines
32:19 Forging
33:27 Chain Barding Armor
34:20 Hand Cart
35:47 Iron Casting
38:00 Husbandry
42:31 Imperial Age
40:42 Stone Mining
40:56 Padded Archer Armor
41:53 Ballistics
42:47 Stone Shaft Mining
42:28 Leather Archer Armor
41:40 Light Cavalry
42:49 Masonry
44:25 Chemistry
43:45 Bracer
44:10 Winged Hussar
46:08 Plate Barding Armor
48:24 Ring Archer Armor
50:11 Treadmill Crane
51:02 Conscription
53:01 Hill Forts
53:03 Tower Shields
[PSCH] R!ce
6:47 Loom
9:39 Feudal Age
9:59 Man-at-Arms
14:04 Arson
16:12 Fletching
17:35 Double-Bit Axe
25:47 Castle Age
24:50 Padded Archer Armor
26:34 Elite Skirmisher
30:01 Bow Saw
31:20 Bodkin Arrow
30:49 Pikeman
37:44 Scale Mail Armor
38:00 Leather Archer Armor
42:35 Imperial Age
41:45 Chain Mail Armor
43:25 Wheelbarrow
42:43 Horse Collar
42:53 Halberdier
44:52 Plate Mail Armor
47:02 Ring Archer Armor
48:43 Bracer
48:54 Forging
49:18 Scale Barding Armor
49:51 Light Cavalry
50:41 Bloodlines
51:58 Chemistry
51:46 Iron Casting
51:32 Chain Barding Armor
Connection lost

Rejoining the realm…

Still unreachable

The connection could not be restored.

Session expired

The server has moved on; the page needs a fresh start.